 Dungeon Crawl Stone Soup version 0.29.0-7-g18a832c13a (webtiles) character file.

Game seed: 5594536985124547116

176 Kahsius the Grave Robber (level 5, -3/35 HPs)
             Began as a Demonspawn Necromancer on Aug 30, 2022.
             Killed from afar by an orc wizard (8 damage)
             ... with a magic dart
             ... on level 4 of the Dungeon.
             The game lasted 00:13:05 (3819 turns).

Kahsius the Grave Robber (Demonspawn Necromancer)   Turns: 3819, Time: 00:13:06

Health: -3/35      AC:  2    Str:  8    XL:     5   Next: 30%
Magic:  8/9        EV: 12    Int: 19    God:
Gold:   133        SH:  0    Dex: 13    Spells: 6/10 levels left

rFire   + . .      SeeInvis .   (no weapon)
rCold   . . .      Faith    .   (no shield)
rNeg    . . .      Spirit   .   l - +0 robe {rF+}
rPois   +          Reflect  .   (no helmet)
rElec   .          Harm     .   (no cloak)
rCorr   .          Rampage  .   (no gloves)
Will    +....                   (no boots)
Stlth   ++........              (no amulet)
HPRegen 0.11/turn               d - ring of willpower
MPRegen 0.11/turn               k - ring of poison resistance

@: no status effects
A: foul stench 1
a: no special abilities


You were on level 4 of the Dungeon.
You visited 1 branch of the dungeon, and saw 4 of its levels.

You collected 133 gold pieces.

Inventory:

Armour
 a - a +0 robe
 l - a +0 robe of fire resistance (worn)
Jewellery
 d - a ring of willpower (left hand)
 k - a ring of poison resistance (right hand)
Wands
 s - a wand of paralysis (7)
Scrolls
 c - 5 scrolls of identify
 e - a scroll of poison {unknown}
 h - a scroll of teleportation {unknown}
 j - a scroll of amnesia {unknown}
 n - 2 scrolls of magic mapping {unknown}
 o - 2 scrolls of immolation {unknown}
 p - a scroll of summoning {unknown}
 q - 2 scrolls of brand weapon
 t - a scroll of fog {unknown}
 u - a scroll of enchant weapon {unknown}
Potions
 b - 2 potions of magic
 f - a potion of invisibility {unknown}
 g - a potion of curing
 i - 2 potions of degeneration {unknown}
 m - a potion of lignification {unknown}
 r - a potion of haste {unknown}


   Skills:
 + Level 3.0 Dodging
 + Level 3.0 Stealth
 + Level 3.0 Spellcasting
 + Level 5.2 Necromancy


You had 6 spell levels left.
You knew the following spells:

 Your Spells              Type           Power      Damage    Failure   Level
a - Necrotise             Necr           88%        1d8       1%          1
b - Vampiric Draining     Necr           22%        2d7       5%          3

Your spell library contained the following spells:

 Spells                   Type           Power      Damage    Failure   Level
 Sandblast                Erth           4%         2d4       16%         1
 Slow                     Hex            8%         N/A       16%         1
 Animate Dead             Necr           22%        N/A       17%         4
 Passwall                 Tmut/Erth      1%         N/A       22%         2
 Confusing Touch          Hex            2%         N/A       41%         3
 Stone Arrow              Conj/Erth      4%         3d7       41%         3
 Agony                    Necr           22%        N/A       43%         5
 Leda's Liquefaction      Hex/Erth       1%         N/A       83%         4
 Lee's Rapid Deconstruct  Erth           1%         3d5*      99%         5
 Statue Form              Tmut/Erth      1%         N/A       100%        6


Dungeon Overview and Level Annotations

Branches:
Dungeon (4/15)
 Temple: D:4-7

Altars:
Qazlal

Shops:
D:2 [

Annotations:
D:3 1 runed translucent door, yegreS's ghost, amateur MiFi


Innate Abilities, Weirdness & Mutations

You may rarely emit foul miasma when damaged in melee.


Message History

Something hits you.
You emit a cloud of foul miasma!
A magic dart appears from out of thin air!
The magic dart hits you. Something hits you. Something hits you.
Your orc skeleton closely misses something.
Something hits you but does no damage. Something hits you.
A magic dart appears from out of thin air!
The magic dart hits you!
* * * LOW HITPOINT WARNING * * *
Your orc skeleton barely misses something.
You feel better.
You hear some strange, mumbled words.
A magic dart appears from out of thin air!
The magic dart hits you!
A magic dart appears from out of thin air!
The magic dart hits you!
* * * LOW HITPOINT WARNING * * *
Something hits your orc skeleton.
Your orc skeleton crumbles into dust!
You feel better. Something hits you. Something barely misses you.
Your orc skeleton barely misses something.
Something barely misses you.
Your orc skeleton crumbles into dust!
Something hits you. Something hits you. Something completely misses you.
A magic dart appears from out of thin air!
The magic dart hits you!
* * * LOW HITPOINT WARNING * * *
You hear some strange, mumbled words.
Something tries to affect you, but you resist.
A goblin comes into view. It is wielding a +0 club.
An orc wizard appears from thin air!
Reactivating autopickup.
The orc wizard points at you and mumbles some strange words.
The magic dart hits you!
You die...

.......#.#g#...........#.#.#....#
....##.......##.....##....[..##.#
.........#...............#......#
###.#....#....#.###.#....#....#.#
.........#...............#......#
....##.......##.....##.......##.#
.......#.#.#...........#.#.#.....
...#.#.#...#.#.#...#.#.#...#.#...
.#.#...........#@#.#.......[.....
.....##.....##.......##.....##...
.#...............#o..............
[#....#.###.#....#....#.###.###..
.#......)........#...........##..
.....##.)...##.......##.....###..
.#.#....[......#.#.#..........#.#
...#.#.#...#.#.#...#.#.#...#.##'#
.......#.#.#...........#.#.###...


You could see an orc wizard.

Vanquished Creatures
  3 gnolls (D:3)
  3 adders
  3 worms
  2 dart slugs
  16 orcs
  5 ball pythons
  6 endoplasms
  5 giant cockroaches
  6 hobgoblins
  5 jackals
  6 kobolds
  4 quokkas
  A bat (D:2)
  10 goblins
  5 rats
80 creatures vanquished.

Vanquished Creatures (collateral kills)
  2 jackals (D:2)
  2 frilled lizards
4 creatures vanquished.

Vanquished Creatures (others)
  2 withered plants (D:3)
2 creatures vanquished.

Grand Total: 86 creatures vanquished

Notes
Turn   | Place    | Note
-------+----------+-------------------------------------------
     0 | D:1      | Kahsius the Demonspawn Necromancer began the quest for the
                  | Orb.
     0 | D:1      | Reached XP level 1. HP: 13/13 MP: 3/3
   399 | D:1      | Gained mutation: You may rarely emit foul miasma when
                  | damaged in melee. [demonic ancestry]
   399 | D:1      | Reached XP level 2. HP: 19/19 MP: 3/5
  1137 | D:2      | Reached XP level 3. HP: 24/24 MP: 2/6
  1418 | D:2      | Found Erghi's Antique Armour Shop.
  1808 | D:2      | Reached XP level 4. HP: 30/30 MP: 0/7
  2014 | D:3      | Learned a level 3 spell: Vampiric Draining
  2274 | D:3      | Reached skill level 5 in Necromancy
  2445 | D:3      | Found a faded altar of an unknown god.
  2765 | D:3      | Found a runed translucent door.
  2765 | D:3      | Noticed yegreS's ghost (amateur MiFi)
  3111 | D:3      | Reached XP level 5. HP: 35/35 MP: 4/9
  3156 | D:3      | Gained mutation: You have a pair of small antennae on your
                  | head. [potion of mutation]
  3156 | D:3      | Lost mutation: You have a pair of small antennae on your
                  | head. [potion of mutation]
  3688 | D:4      | Noticed a phantom
  3733 | D:4      | Found a stormy altar of Qazlal.
  3819 | D:4      | Killed from afar by an orc wizard

Illustrated notes

Levels and vault maps discovered:
D:1:      minmay_arrival_hallway, layout_basic, minmay_misc_feat_pillars
D:2:      layout_rooms, serial_shops,
          nicolae_shop_temple_entry_statues_fountains
D:3:      layout_rooms, gammafunk_ghost_grave, nicolae_ecumenical_lake_church,
          nicolae_hexahallways
D:4:      nicolae_cairo_tiling_large_dashed, layout_basic, kennysheep_mini_moat,
          kennysheep_another_room

Skill      XL: |  1  2  3  4  5 |
---------------+----------------+-----
Stealth        | 2 3 |  3.0
Dodging        | 2 3 |  3.0
Necromancy     | 5 |  5.2
Spellcasting   | 3 |  3.0

Action                   |  1- 3 |  4- 6 || total
-------------------------+-------+-------++-------
Melee: Unarmed           |    10 |       ||    10
 Cast: Necrotise         |    75 |    71 ||   146
       Vampiric Draining |       |     8 ||     8
  Use: Scroll            |       |     3 ||     3
       Potion            |       |     3 ||     3
Armor: Robe              |     7 |    13 ||    20
Dodge: Dodged            |    17 |    37 ||    54
